 Dungeon Crawl Stone Soup version 0.25-a0-701-gb30f108f01 (webtiles) character file.

Game seed: 10251511522558211284, levelgen mode: deterministic

42 MisterFreud the Changer (level 3, -2/23 HPs)
             Began as an Octopode Transmuter on Apr 3, 2020.
             Slain by a worm (9 damage)
             ... on level 2 of the Dungeon.
             The game lasted 00:01:31 (833 turns).

MisterFreud the Changer (Octopode Transmuter)        Turns: 833, Time: 00:01:32

Health: -2/23      AC:  1    Str:  9    XL:     3   Next: 56%
Magic:  6/6        EV: 13    Int: 16    God:
Gold:   93         SH:  0    Dex: 12    Spells: 1/7 levels left

rFire    . . .     SeeInvis .     - Unarmed
rCold    . . .     Gourm    .   (no shield)
rNeg     . . .     Faith    .   (helmet restricted)
rPois    .         Spirit   .   (no amulet)
rElec    .         Reflect  .   (no ring)
rCorr    .         Harm     .   (no ring)
MR       .....                  (no ring)
Stlth    ++........             (no ring)
HPRegen  0.07/turn              (no ring)
MPRegen  0.10/turn              (no ring)
                                (no ring)
                                (no ring)

@: no status effects
A: almost no armour, stealthy swim, amphibious, 8 rings, constrict 8, camouflage
1, gelatinous body 1
a: no special abilities


You were on level 2 of the Dungeon.
You were not hungry.

You visited 1 branch of the dungeon, and saw 2 of its levels.

You collected 93 gold pieces.

Inventory:

Missiles
 a - 30 arrows
 h - 2 throwing nets (quivered)
 k - 50 stones
 m - 16 bolts
Jewellery
 e - an uncursed ring of ice
 p - an uncursed ring of magical power {unknown}
Scrolls
 b - 2 scrolls of blinking {unknown}
 d - 2 scrolls of fear {unknown}
 g - 2 scrolls of remove curse {unknown}
 o - a scroll of enchant weapon {unknown}
 r - a scroll of teleportation {unknown}
Potions
 f - 2 potions of stabbing {unknown}
 i - 2 potions of magic {unknown}
 l - a potion of resistance {unknown}
 n - a potion of brilliance {unknown}
 q - a potion of curing {unknown}
Comestibles
 c - 3 rations
 j - 4 chunks of flesh


   Skills:
 - Level 1.0 Fighting
 - Level 2.0 Dodging
 - Level 3.0 Unarmed Combat
 + Level 2.5 Spellcasting
 * Level 3.3 Transmutations


You had one spell level left.
You knew the following spells:

 Your Spells              Type           Power        Failure   Level  Hunger
a - Beastly Appendage     Tmut           ##....       4%          1    #......
b - Sticks to Snakes      Tmut           ##......     8%          2    ##.....
c - Spider Form           Tmut/Pois      #.........   30%         3    ###....

Your spell library contained the following spells:

 Spells                   Type           Power        Failure   Level  Hunger
 Ice Form                 Ice/Tmut       #.......     69%         4    #####..
 Blade Hands              Tmut           ##........   80%         5    ######.


Dungeon Overview and Level Annotations

Branches:
Dungeon (2/15)

Altars:
Xom


Innate Abilities, Weirdness & Mutations

You cannot wear most types of armour.
You are very stealthy in the water. (Stealth+)
You are amphibious.
You can wear up to eight rings at the same time.
You can use your tentacles to constrict eight enemies at once.
Your skin changes colour to match your surroundings (Stealth+).
Your rubbery body absorbs attacks. (AC +1, EV +1)


Message History

You feel sick. x4
You are no longer poisoned.
You start resting.
Magic restored.
g - 2 scrolls labeled EHEFIGG JEIN (gained 1)
Your ball python withers and dies!
You see here a jackal skeleton.
You see here a jackal skeleton.
A worm comes into view.
A worm is nearby!
Found a shimmering altar of Xom.
The worm bites you!
You are too injured to fight recklessly!
You are too injured to fight recklessly!
You tentacle-slap the worm. You grab the worm.
The worm is lightly wounded.
You constrict the worm, but do no damage.
You tentacle-slap the worm.
The worm is heavily wounded.
You constrict the worm. The worm bites you!
You die...

#.#####.###.#.#
#.............#
#.####.####.### #.#
##.## # #.# #...#
.## #.# #...# ....
#.# #...# ##.^^^.
..###...####w..^_^.
#..........@...^.^.
...................
#............##.#.#
#####...####.# ..
#.#.# ... # #.###.
##.. ## # ..# ..


You could see a worm.

Vanquished Creatures
  2 adders (D:2)
  An ooze (D:1)
  3 giant cockroaches (D:1)
  A hobgoblin (D:1)
  2 jackals (D:2)
  3 bats
  2 frilled lizards (D:1)
  3 goblins (D:1)
  3 kobolds (D:1)
20 creatures vanquished.

Notes
Turn   | Place    | Note
-------+----------+-------------------------------------------
     0 | D:1      | MisterFreud the Octopode Transmuter began the quest for the
                  | Orb.
     0 | D:1      | Reached XP level 1. HP: 13/13 MP: 3/3
   167 | D:1      | Reached XP level 2. HP: 18/18 MP: 5/5
   617 | D:2      | Reached XP level 3. HP: 17/23 MP: 4/6
   621 | D:2      | Learned a level 2 spell: Sticks to Snakes
   625 | D:2      | Learned a level 3 spell: Spider Form
   715 | D:2      | Found a faded altar of an unknown god.
   829 | D:2      | Found a shimmering altar of Xom.
   833 | D:2      | Slain by a worm

Levels and vault maps discovered:
D:1:      minmay_arrival_hallway, layout_basic, hex_medium
D:2:      layout_loops_cross, gammafunk_temple_overflow_forgotten,
          xom_teletrap_fun, chequers_ecumenical_altar_island, first_ration,
          uniq_sigmund, uniq_jessica

Skill      XL: |  1  2 |
---------------+-------+-----
Transmutations | 3 |  3.3
Fighting       | |  1.0
Dodging        | |  2.0
Unarmed Combat | |  3.0
Spellcasting   | |  2.5

Action                   || total
-------------------------++-------
Melee: Unarmed           ||    56
       Constrict         ||    13
       Tentacles         ||     9
       Kick              ||     1
 Cast: Beastly Appendage ||     2
       Sticks to Snakes  ||     1
 Stab: Sleeping          ||     1
Armor: Skin              ||     3
Dodge: Dodged            ||    38

Table legend:
 A = Non-vault XP
 B = Vault XP
 C = Vault XP percentage of total XP
 D = Non-vault monster count
 E = Vault monster count
 F = Vault count percentage of total count
                 A         B        C        D         E       F
            +---------+---------+-------+---------+---------+-------
      Total |      61 |       0 |   0.0 |      20 |       0 |   0.0
            +---------+---------+-------+---------+---------+-------
        D:1 |      27 |       0 |   0.0 |      14 |       0 |   0.0
        D:2 |      34 |       0 |   0.0 |       6 |       0 |   0.0
            +---------+---------+-------+---------+---------+-------
